 Dungeon Crawl Stone Soup version 0.28-a0-194-g42b4daccc1 (webtiles) character file.

Game seed: 14114316963035797829

81 gruber the Insei (level 4, -7/32 HPs)
             Began as a Djinni Transmuter on Aug 18, 2021.
             Mangled by an orc priest (8 damage)
             ... on level 3 of the Dungeon.
             The game lasted 00:03:16 (3374 turns).

gruber the Insei (Djinni Transmuter)                Turns: 3374, Time: 00:03:17

Health: -7/32      AC:  2    Str:  9    XL:     4   Next: 67%
Gold:   70         EV: 12    Int: 16    God:
                   SH:  0    Dex: 13

rFire   + + .      SeeInvis .     - Unarmed
rCold   x . .      Faith    .   (no shield)
rNeg    . . .      Spirit   .   a - +0 robe
rPois   ∞          Reflect  .   (no helmet)
rElec   .          Harm     .   (no cloak)
rCorr   .          Rampage  .   (no gloves)
Will    .....                   (boots unavailable)
Stlth   +.........              (no amulet)
HPRegen 0.10/turn               (no ring)
MPRegen 0.00/turn               (no ring)

@: mighty, flying
A: sickness immunity, fire resistance 2, cold vulnerability 1, float, innate
caster, hp casting, extra vitality 1
a: no special abilities


You were on level 3 of the Dungeon.
You visited 1 branch of the dungeon, and saw 3 of its levels.

You collected 70 gold pieces.

Inventory:

Missiles
 c - 4 poisoned darts (quivered)
Armour
 a - a +0 robe (worn)
Wands
 g - a wand of flame (25)
Scrolls
 d - 4 scrolls of vulnerability {unknown}
 e - a scroll of summoning {unknown}
 f - 2 scrolls of identify {unknown}
 h - a scroll of teleportation {unknown}


   Skills:
 - Level 1.0 Fighting
 - Level 0.1 Throwing
 - Level 2.1 Dodging
 - Level 5.0 Unarmed Combat
 * Level 1.7 Spellcasting


You couldn't memorise any spells.
You knew the following spells:

 Your Spells              Type           Power      Damage    Failure   Level
a - Beastly Appendage     Tmut           12%        N/A       11%         1
b - Wereblood             Tmut           6%         N/A       16%         2
c - Spider Form           Tmut/Pois      3%         N/A       32%         3
d - Ice Form              Ice/Tmut       6%         N/A       71%         4
e - Pain                  Necr           24%        1d5       11%         1
Your spell library was empty.

Dungeon Overview and Level Annotations

Branches:
Dungeon (3/15)

Altars:

Shops:
D:1 *   D:2 *


Innate Abilities, Weirdness & Mutations

You are immune to sickness and miasma.
You are immune to poison.
Your flesh is very heat resistant. (rF++)
You are vulnerable to cold. (rC-)
You float through the air rather than walking.
You learn spells naturally, not from books.
Your magical power is your life essence.
You have superior vitality. (+4 HP)


Message History

Unknown command.
You punch the orc!
You kill the orc!
You closely miss the orc. You headbutt the orc.
The orc is severely wounded.
An orc wizard comes into view. It is wielding a +0 dagger.
The orc hits you with a +0 hand axe.
You closely miss the orc. Your punch misses the orc.
The orc is heavily wounded.
Your transformation is almost over.
The orc hits you with a +0 hand axe.
You closely miss the orc. You headbutt the orc.
You kill the orc!
You hit the orc priest but do no damage.
The orc priest completely misses you.
You hit the orc priest but do no damage.
You headbutt the orc priest.
The orc priest is moderately wounded.
You hit the orc priest but do no damage.
The orc priest is moderately wounded.
The orc priest hits you with a +0 flail!
You hit the orc priest but do no damage.
Your headbutt misses the orc priest.
The orc priest is moderately wounded.
The orc priest hits you with a +0 flail.
You hit the orc priest.
The orc priest is moderately wounded.
The orc priest hits you with a +0 flail.
* * * LOW HITPOINT WARNING * * *
You hit the orc priest.
The orc priest is heavily wounded.
The orc priest barely misses you.
You hit the orc priest but do no damage.
The orc priest is heavily wounded.
The orc priest hits you with a +0 flail.
* * * LOW HITPOINT WARNING * * *
It was a potion of might.
You feel very mighty all of a sudden.
Your horns disappear.
The orc priest hits you with a +0 flail!
You die...

#..... #.#.##
..#.## ## #.# #.#
#.## #...
########.# #.###.
#.@oo.(((# #.# #.
#.######## #.# #.
#.# #.# #. #.# #.#
#. #.# #.# #. #.#
#.# #.
#.############.###.
#...........##.....
###########........


You could see an orc priest and an orc wizard.

Vanquished Creatures
  2 adders
  A worm (D:2)
  2 dart slugs
  2 orcs (D:3)
  6 ball pythons
  4 bats
  5 endoplasms
  2 giant cockroaches
  4 goblins
  7 hobgoblins
  A quokka (D:1)
  2 frilled lizards (D:2)
  6 kobolds
  7 rats
51 creatures vanquished.

Notes
Turn   | Place    | Note
-------+----------+-------------------------------------------
     0 | D:1      | gruber the Djinni Transmuter began the quest for the Orb.
     0 | D:1      | Reached XP level 1. HP: 17/17 MP: 0/0
   380 | D:1      | Reached XP level 2. HP: 11/22 MP: 0/0
   535 | D:1      | Found a faded altar of an unknown god.
  1046 | D:1      | Reached skill level 4 in Unarmed Combat
  1046 | D:1      | Reached XP level 3. HP: 12/27 MP: 0/0
  1046 | D:1      | Learned a level 1 spell: Pain
  1712 | D:1      | Found Esuy's Assorted Antiques.
  2295 | D:2      | Reached XP level 4. HP: 31/32 MP: 0/0
  2383 | D:2      | Found Nianweef's Assorted Antiques.
  3153 | D:2      | Reached skill level 5 in Unarmed Combat
  3373 | D:3      | HP: 1/32 [orc priest (6)]
  3374 | D:3      | Mangled by an orc priest

Illustrated notes

Levels and vault maps discovered:
D:1:      nicolae_arrival_washed_ashore, layout_basic,
          dreamdust_ecumenical_altar_statues, serial_shops,
          nicolae_lakefront_shop, minmay_tripent
D:2:      layout_rooms, serial_shops, shop
D:3:      layout_loops_ring

Skill      XL: |  1  2  3  4 |
---------------+-------------+-----
Unarmed Combat | 4 5 |  5.0
Fighting       | |  1.0
Throwing       | |  0.1
Dodging        | |  2.1
Spellcasting   | |  1.7

Action                   |  1- 3 |  4- 6 || total
-------------------------+-------+-------++-------
Melee: Unarmed           |   107 |    51 ||   158
       Headbutt          |     8 |     7 ||    15
       Punch             |     2 |       ||     2
Throw: Dart              |     7 |    18 ||    25
 Cast: Beastly Appendage |    20 |    13 ||    33
  Use: Potion            |       |     1 ||     1
 Stab: Sleeping          |     2 |     3 ||     5
Armor: Robe              |    35 |     2 ||    37
Dodge: Dodged            |    69 |    16 ||    85

Table legend: (Time is in decaauts)
 A = Elapsed time spent in this place.
 B = Non-inter-level travel time spent in this place.
 C = Inter-level travel time spent in this place.
 D = Time resting spent in this place.
 E = Time spent auto-exploring this place.
 F = Levels seen in this place.
 G = Mean time per level.
                   A        B        C        D        E       F      G
               +--------+--------+--------+--------+--------+-----+--------+
         Total |   3366 |   3229 |    137 |    555 |   2255 |   3 | 1122.0 |
       Dungeon |   3366 |   3229 |    137 |    555 |   2255 |   3 | 1122.0 |
               +--------+--------+--------+--------+--------+-----+--------+

Top non-repeatable levels by time:
     D:1: 2551 daAuts
     D:2: 672 daAuts
     D:3: 142 daAuts
